AoeStats
← JP 2

Oasis

509782431Analyzed
3v3 RM · 4d ago on Sep 28, 2026· 22m 41s· 6 players
Game mode
Random Map
Map size
Normal (6 player)
Population
200
Speed
Normal
Resources
Standard
Victory
Conquest
Starting age
Dark Age
Ending age
Imperial Age
RankedLock teamsTeams togetherTeam positionsShared explorationLock speedFull tech treeHidden civsTurbo modeCheats
Victory
Defeat
🇨🇱 Ethiopians · Chile
1211
+13
🇨🇴 Saracens · Colombia
1135
+16
🇲🇽 Persians · Mexico
1077
+20
🇨🇦 Bohemians · Canada
1155
-17
🇨🇦 Huns · Canada
1151
-16
🇨🇦 Bengalis · Canada
1131
-16
Roxhelll
0:49 Loom
11:37 Feudal Age
14:00 Double-Bit Axe
18:05 Bloodlines
NaitoMare02
5:32 Loom
8:58 Feudal Age
13:36 Fletching
16:32 Padded Archer Armor
20:06 Double-Bit Axe
21:19 Wheelbarrow
24:25 Castle Age
22:59 Forging
JP 2
6:48 Loom
9:21 Feudal Age
9:25 Man-at-Arms
10:11 Double-Bit Axe
15:56 Fletching
18:26 Scale Mail Armor
19:36 Padded Archer Armor
20:00 Horse Collar
24:05 Castle Age
23:02 Gold Mining
PresentedLight
7:06 Loom
11:46 Feudal Age
14:43 Double-Bit Axe
22:48 Castle Age
SteveLV
11:11 Feudal Age
15:37 Castle Age
16:22 Wheelbarrow
16:36 Double-Bit Axe
19:51 Loom
22:15 Scale Barding Armor
mastermind_113
7:45 Loom
10:13 Feudal Age
12:57 Wheelbarrow
18:27 Double-Bit Axe
21:58 Castle Age
21:05 Forging
21:15 Scale Barding Armor
21:36 Horse Collar
Connection lost

Rejoining the realm…

Still unreachable

The connection could not be restored.

Session expired

The server has moved on; the page needs a fresh start.